 Dungeon Crawl Stone Soup version 0.19-a0-1823-g21c7ecd (webtiles) character file.

627697 Naow the Conqueror (level 26, -8/266 HPs)
             Began as a Minotaur Berserker on Oct 7, 2016.
             Was a High Priest of Trog.
             Killed from afar by an orb of fire (16 damage)
             ... with a fireball
             ... on level 5 of the Realm of Zot.
             The game lasted 03:38:05 (60124 turns).

Naow the Conqueror (Minotaur Berserker)            Turns: 60124, Time: 03:38:06

Health: -8/266     AC: 47    Str: 26    XL:     26   Next: 70%
Magic:  26/26      EV: 12    Int: 11    God:    Trog [*****.]
Gold:   2135       SH: 34    Dex: 10    Spells: 0 memorised, 25 levels left

rFire  . . .     SeeInvis .     b - +9 broad axe (vamp)
rCold  + + .     Gourm    .     l - +12 chain mail of Servitude {rElec rC+ Int+4}
rNeg   + + .     Faith    .     t - +18 shield of the Gong {rElec rN+ MR+ EV-5}
rPois  .         Spirit   .     H - +2 hat
rElec  +         Dismiss  .     C - +1 cloak of Defence {rN+ Regen+ rCorr Dex-5}
rCorr  +         Reflect  .     z - +3 pair of gauntlets of War {Slay+5}
MR     ++++.     Harm     .     F - +2 pair of boots {Fly}
Stlth  ..........               T - amulet of regeneration
                                s - +5 ring of protection
                                A - +5 ring of slaying

@: exhausted, flying, regenerating, slowed, very slow
A: retaliatory headbutt, horns 2, talons 1, iridescent scales 1, agile 1, cold
resistance 1, deformed body, dopey 1, low mp 1, screaming 1
a: Berserk, Trog's Hand, Brothers in Arms, Burn Spellbooks, Renounce Religion,
Stop Flying
}: 4/15 runes: decaying, silver, abyssal, gossamer


You were on level 5 of the Realm of Zot.
You worshipped Trog.
Trog was extremely pleased with you.
You were not hungry.

You visited 9 branches of the dungeon, and saw 49 of its levels.
You visited the Abyss 3 times.
You also visited: Sewer.

You collected 7099 gold pieces.
You spent 4964 gold pieces at shops.

Inventory:

Hand Weapons
 b - a +9 vampiric broad axe (weapon)
 K - the +14 battleaxe "Bokogrohirr" {protect, Dex+5}
   (Trog gifted it to you on level 3 of the Spider Nest)

   It protects the one who uses it against injury (+AC on strike).
   It affects your dexterity (+5).
 V - the +3 battleaxe of Dawn {flame, rElec rN+}
   (Trog gifted it to you on level 1 of the Lair of Beasts)

   It has been specially enchanted to burn those struck by it, causing extra
   injury to most foes and up to half again as much damage against particularly
   susceptible opponents.
   Big, fiery blades are also staple armaments of hydra-hunters.
   It insulates you from electricity.
   It protects you from negative energy.
Armour
 l - the +12 chain mail of Servitude (worn) {rElec rC+ Int+4}
   (You found it on level 2 of the Elven Halls)

   It affects your intelligence (+4).
   It protects you from cold.
   It insulates you from electricity.
 t - the +18 shield of the Gong (worn) {rElec rN+ MR+ EV-5}
   (You bought it in a shop on level 4 of the Vaults)

   It affects your evasion (-5).
   It insulates you from electricity.
   It protects you from negative energy.
   It affects your resistance to hostile enchantments.
 x - a +2 plate armour of cold resistance
 z - the +3 pair of gauntlets of War (worn) {Slay+5}
   (You found it on level 3 of the Elven Halls)

   It affects your accuracy and damage with ranged weapons and melee attacks
   (+5).
 C - the +1 cloak of Defence (worn) {rN+ Regen+ rCorr Dex-5}
   (You bought it in a shop on level 4 of the Vaults)

   It affects your dexterity (-5).
   It protects you from negative energy.
   It increases your rate of regeneration.
   It protects you from acid and corrosion.
 F - a +2 pair of boots of flying (worn)
 H - a +2 hat (worn)
Jewellery
 s - a +5 ring of protection (right hand)
 A - a +5 ring of slaying (left hand)
 L - the ring "Ogunwalo" {rElec rPois}
   (You took it off a deep elf demonologist on level 3 of the Elven Halls)

   [ring of poison resistance]

   It insulates you from electricity.
   It protects you from poison.
 M - an uncursed ring of protection from fire
 T - an amulet of regeneration (around neck)
 U - a +3 ring of evasion
Wands
 d - a wand of digging (7/24)
 i - a wand of teleportation (3/9)
 o - a wand of disintegration (17/24)
 r - a wand of iceblast (9/15)
 G - a wand of teleportation (5/9)
 P - a wand of confusion (23/48)
 W - a wand of digging (12/24)
Scrolls
 e - 20 scrolls of teleportation
 g - 14 scrolls of recharging
 k - 34 scrolls of identify
 m - 9 scrolls of fear
 u - 11 scrolls of fog
 y - 12 scrolls of blinking
 J - 6 scrolls of magic mapping
 Q - 7 scrolls of enchant armour
 Z - 3 scrolls of remove curse
Potions
 a - 8 potions of haste
 h - 4 potions of cancellation
 j - 5 potions of invisibility
 n - 19 potions of curing
 q - 2 potions of magic
 B - 4 potions of might
 D - 5 potions of agility
 E - 9 potions of heal wounds
 I - 2 potions of cure mutation
 R - 5 potions of ambrosia
 X - 7 potions of brilliance
 Y - 3 potions of resistance
Comestibles
 c - 20 bread rations
 f - 11 beef jerkies
 v - 50 fruits
 w - 18 meat rations
 N - 16 slices of pizza
 O - a royal jelly


   Skills:
 O Level 27 Fighting
 - Level 26.4 Axes
 O Level 27 Armour
 - Level 16.7 Dodging
 - Level 1.7 Stealth
 + Level 19.6 Shields
 - Level 10.0 Evocations


You had 25 spell levels left.
You didn't know any spells.

Dungeon Overview and Level Annotations

Branches:
Dungeon (15/15)            Temple (0/1) D:4            Lair (6/6) D:8
  Swamp (4/4) Lair:4       Spider (4/4) Lair:3        Slime (0/5) Lair:6
    Orc (2/2) D:12            Elf (3/3) Orc:2        Vaults (5/5) D:13
  Crypt (0/3) Vaults:2     Depths (5/5) D:15            Zot (5/5) Depths:5

Altars:
Cheibriados
Fedhas
Gozag
Kikubaaqudgha
Nemelex Xobeh
Qazlal
Sif Muna
Trog
Uskayaw
Yredelemnul
The Shining One
Beogh
Jiyva

Shops:
D:5 ((   D:10 *   Orc:2 [:!}}   Vaults:3 *   Vaults:4 [?![[   Depths:2 (

Portals:
Hell: Depths:1 Depths:2 Depths:3 Depths:4 Depths:5
Abyss: Depths:4
Pandemonium: Depths:1 Depths:3
Ziggurat: Depths:1


Innate Abilities, Weirdness & Mutations

You reflexively headbutt those who attack you in melee.
You have a pair of horns on your head.
You have sharp toenails.
You are partially covered in iridescent scales. (AC +2)
You are agile. (Dex +2)
Your flesh is cold resistant. (rC+)
Armour fits poorly on your strangely shaped body.
You are dopey. (Int -2)
Your magical capacity is low. (-10% MP)
You occasionally shout uncontrollably at your foes.


Message History

You hit the orb of fire but do no damage.
Your headbutt misses the orb of fire.
The orb of fire is almost destroyed.
The orb of fire glows bright magenta.
Strange energies course through your body.
You slice the orb of fire!!
The orb of fire is almost destroyed.
The orb of fire glows bright magenta.
The fireball explodes!
The fireball engulfs you!
* * * LOW HITPOINT WARNING * * *
The fireball engulfs the orb of fire.
The orb of fire completely resists.
The orb of fire glows bright magenta.
The bolt of fire hits you!
* * * LOW HITPOINT WARNING * * *
The bolt of fire hits the orb of fire.
The orb of fire completely resists.
As you read the scroll of summoning, it crumbles to dust.
Wisps of shadow whirl around you...
The orb of fire glows yellow.
The fireball explodes!
The fireball engulfs you!
You die...

*,,,,,,,,,,,,,,,,,,,,* ##.......
*,,,,,,..............# #...^...
*,,,,,,..............# ##.......
*,,,,,,..............# #........
*,,,,,,..............# ##........
*,,,,,,..............###.........
**,,,,,.........(...###...#######
**,,,,.......z..y.##....##
**,,,......*d.@**....###
**,,...##▓▓▓#▓▓▓▓▓▓▓#
**,,,,,,,,,,,,,,,****
**,,,,,,,,,,,,,,,,,,,***
**,,,,,,,,,,,,,,,,,,,,,,**
*,,,,,,,,,,,,,,,,,,,,,,,,* ******
*,,,,,,,,,,,,,,,,,,,,,,,,***,,,,,
**,,,,,,,,,,,,,,,,,,,,,,,**,,,,,,
**,,,,,,,,,,,,,,,,,,,,,,*,,,,,,,


You could see 2 orbs of fire, a friendly orb of fire, a friendly yellow
draconian, a friendly death cob and a friendly moth of wrath.

Vanquished Creatures
  An ancient lich (Zot:5)
  4 orbs of fire
  Mara (Vaults:3)
  2 juggernauts
  Boris (Depths:4)
  6 curse toes
  3 Killer Klowns
  Margery (Vaults:3)
  Saint Roka (Vaults:1)
  A caustic shrike (Depths:4)
  6 golden dragons
  Jory (Vaults:3)
  2 bone dragons
  An electric golem (Zot:5)
  9 tentacled monstrosities
  2 liches
  Asterion (Spider:1)
  9 Orb Guardians (Zot:5)
  4 titans (Vaults:5)
  7 quicksilver dragons
  2 deep elf master archers (Elf:3)
  The ghost of e25 the Severer, an adept DsGl of Makhleb (Spider:4)
  2 deep elf blademasters
  5 tentacled starspawn
  9 death cobs
  Gastronok (D:11)
  2 sphinxes
  6 tengu reavers
  15 shadow dragons
  A thorn hunter (Swamp:1)
  17 storm dragons
  2 draconian monks
  9 fire giants
  14 vault wardens
  The ghost of Banto the Spry, an adept HESk of Okawaru (Elf:1)
  2 iron dragons (Vaults:5)
  3 ghost moths
  A balrug (Abyss:1)
  Aizul (Vaults:1)
  9 deep elf sorcerers
  6 frost giants
  A cacodemon (Abyss:3)
  Louise (Swamp:2)
  2 draconian knights
  2 draconian zealots
  2 draconian scorchers
  3 draconian shifters
  The ghost of RTS the Severer, a journeyman MiBe of Trog (Lair:6)
  5 deep elf elementalists
  9 emperor scorpions
  22 very ugly things
  The ghost of Psaro the Carver, a journeyman HuFi of Okawaru (Orc:2)
  An ophan (Abyss:1)
  8 ironheart preservers
  4 vampire knights
  3 war gargoyles (Vaults:5)
  18 stone giants
  4 entropy weavers
  7 green draconians
  4 draconian callers
  A stone giant (shapeshifter) (Vaults:5)
  9 black draconians
  8 purple draconians
  4 red draconians
  9 white draconians
  5 mottled draconians
  4 deep elf demonologists
  5 yellow draconians
  8 deep elf annihilators
  6 spark wasps
  13 ettins
  5 crystal guardians (Depths:2)
  3 deep elf death magi
  8 fire dragons
  10 deep elf high priests
  8 great orbs of eyes
  18 yaktaur captains
  Josephine (Swamp:1)
  2 green deaths
  Fannar (Orc:1)
  27 hydras
  5 rakshasas
  34 vault guards
  7 ice dragons
  A ghost crab (Swamp:2)
  2 spriggan air magi
  11 alligators
  13 centaur warriors
  8 ogre magi
  27 dancing weapons
  12 deep troll earth magi
  A vampire mage (Depths:5)
  6 tengu warriors
  12 deep troll shamans
  4 hell hogs (Abyss:3)
  3 orc high priests
  10 thrashing horrors
  4 spriggan berserkers
  51 slime creatures
  6 spriggans
  5 wretched stars
  The ghost of Naow the Cleaver, a novice MiBe of Trog (D:7)
  Sonja (D:11)
  22 deep elf knights
  A sixfirhy (Abyss:3)
  3 shadow wraiths
  An unseen horror (shapeshifter) (Vaults:3)
  2 fire crabs
  7 iron trolls
  A salamander mystic (Depths:5)
  An unseen horror (D:13)
  A spatial maelstrom (Depths:4)
  6 spriggan druids
  11 swamp dragons
  A wizard (D:13)
  16 deep elf archers
  12 hell knights
  An orange crystal statue (Elf:1)
  9 skeletal warriors
  5 flayed ghosts
  29 starcursed masses
  31 deep trolls
  2 shambling mangroves
  10 glowing orange brains
  A harpy (shapeshifter) (Vaults:2)
  13 orc knights
  4 phantasmal warriors (Vaults:5)
  The ghost of Naow the Cleaver, a novice MiBe of Trog (D:5)
  7 necromancers
  14 ironbrand convokers
  8 hill giants
  37 ugly things
  30 wolf spiders
  14 orb spiders
  2 salamanders (Depths:5)
  68 deep elf magi
  15 harpies
  3 orc sorcerers
  5 cyclopes
  4 manticores
  A shining eye (shapeshifter) (Vaults:5)
  4 elephants (Lair:6)
  A salamander (shapeshifter) (Vaults:5)
  23 moths of wrath
  Maurice (D:9)
  6 black mambas
  A guardian serpent (shapeshifter) (Vaults:1)
  3 torpor snails
  A gargoyle (D:12)
  Joseph (D:9)
  22 spiny frogs
  A guardian serpent (Elf:2)
  15 vault sentinels
  5 smoke demons
  2 rime drakes (shapeshifter)
  5 rime drakes
  2 efreet
  50 yaktaurs
  12 demonic crawlers
  A yaktaur (shapeshifter) (Vaults:4)
  3 tengu conjurers
  7 freezing wraiths
  4 ancient zymes
  A hellwing (Abyss:1)
  7 komodo dragons
  14 trolls
  A wind drake (Lair:6)
  38 jumping spiders
  A two-headed ogre (shapeshifter) (Vaults:2)
  12 tyrant leeches
  2 jumping spiders (shapeshifter)
  13 two-headed ogres
  A harpy skeleton (Abyss:4)
  A hornet (shapeshifter) (Vaults:2)
  4 bog bodies
  16 hornets
  14 polar bears
  11 raiju
  A frost giant simulacrum (Vaults:3)
  10 blink frogs
  3 dream sheep (D:8)
  9 hippogriffs
  A redback (shapeshifter) (Vaults:1)
  Sigmund (D:6)
  4 air elementals
  23 tarantellas
  44 redbacks
  2 shadows
  2 ynoxinuls
  A tarantella (shapeshifter) (Depths:1)
  A vampire (D:13)
  7 wraiths
  2 wyverns (Lair:6)
  4 fire elementals
  A hog (D:8)
  8 water elementals
  47 yaks
  18 humans (D:13)
  A hungry ghost (D:12)
  4 chaos spawn
  8 small abominations
  A golden eye (shapeshifter) (Vaults:4)
  A basilisk (shapeshifter) (Abyss:4)
  2 basilisks
  A steam dragon (D:15)
  3 neqoxecs
  3 mottled dragons
  18 vampire mosquitoes
  5 wargs
  26 swamp worms
  A warg (shapeshifter) (Vaults:5)
  A yaktaur simulacrum (Vaults:3)
  9 insubstantial wisps
  15 large abominations
  16 water moccasins
  Edmund (D:4)
  A floating eye (Depths:5)
  4 hell hounds (Abyss:4)
  3 ice beasts
  Purgy (Sewer)
  6 porcupines
  12 swamp drakes
  13 black bears
  2 eyes of draining
  A hornet zombie (D:15)
  60 orc warriors
  5 sky beasts
  3 phantoms
  The ghost of Naow the Cudgeler, an amateur DDFi (D:8)
  A black bear (shapeshifter) (Depths:3)
  3 necrophages
  7 wolves
  4 boggarts (Depths:2)
  41 centaurs
  17 crocodiles
  38 ogres
  6 big kobolds
  14 bullfrogs
  2 earth elementals
  3 wyvern zombies
  A glowing shapeshifter simulacrum (Vaults:3)
  3 scorpions
  A wyvern skeleton (D:8)
  11 killer bees
  5 wights (D:10)
  5 electric eels
  5 howler monkeys
  9 crimson imps
  3 quasits
  3 centaur zombies
  27 orc priests
  10 centaur skeletons
  7 hounds
  2 jellies
  18 orc wizards
  3 bullfrog skeletons
  An iron imp (Depths:2)
  Jessica (D:3)
  Terence (D:3)
  2 iguanas
  Natasha (thrice) (D:4)
  10 worker ants
  4 hound skeletons
  15 adders
  A shadow imp (D:5)
  An adder skeleton (D:8)
  An adder zombie (D:8)
  4 worms
  A dart slug (D:5)
  8 leopard geckos
  137 orcs
  4 ball pythons
  10 bats
  5 giant cockroaches
  5 goblins
  2 hobgoblins
  8 jackals
  3 quokkas
  7 frilled lizards
  A jackal skeleton (D:4)
  16 kobolds
  A leopard gecko skeleton (D:6)
  A quokka skeleton (D:8)
  9 rats
  5 briar patches (Swamp:1)
  A bush (Lair:4)
  A butterfly (Lair:4)
  2 crawling corpses (Elf:2)
  5 fungi
  9 plants
  9 starspawn tentacles
2314 creatures vanquished.

Vanquished Creatures (collateral kills)
  Tiamat (Zot:1)
  A tentacled monstrosity (Zot:1)
  A draconian monk (Zot:1)
  A draconian knight (Zot:1)
  2 deep elf sorcerers (Elf:3)
  A green draconian (Zot:1)
  A draconian caller (Zot:2)
  A red draconian (Zot:1)
  A dire elephant (Lair:6)
  A deep elf demonologist (Elf:3)
  3 white draconians
  A black draconian (Zot:1)
  2 purple draconians (Zot:1)
  3 yellow draconians (Zot:1)
  A deep elf high priest (Elf:3)
  A crystal guardian (Vaults:3)
  2 hydras (Lair:6)
  A merfolk avatar (Lair:6)
  A dancing weapon (Elf:2)
  A deep elf knight (Elf:2)
  3 skeletal warriors (D:12)
  A sea snake (Lair:6)
  An ironbrand convoker (Vaults:1)
  3 deep elf archers
  3 deep elf magi
  A harpy (Lair:6)
  A moth of wrath (Zot:1)
  A vault sentinel (Vaults:1)
  A rime drake (Lair:6)
  A komodo dragon (Lair:6)
  A polar bear (Lair:6)
  A wyvern (Lair:6)
  A warg (Vaults:1)
  An orc warrior (Vaults:1)
  An orc (Vaults:1)
  2 kobolds (D:12)
50 creatures vanquished.

Vanquished Creatures (others)
  2 Orb Guardians (Zot:5)
  2 deep elf knights
  A deep elf mage (Elf:2)
  A wolf spider (Spider:3)
  A spiny frog (Swamp:2)
  An ogre (Vaults:5)
  A centaur (Depths:3)
  An orc (Orc:2)
  8 fungi
  21 plants
  17 starspawn tentacles
56 creatures vanquished.

Grand Total: 2420 creatures vanquished

Notes
Turn   | Place    | Note
-------+----------+-------------------------------------------
     0 | D:1      | Naow the Minotaur Berserker began the quest for the Orb.
     0 | D:1      | Reached XP level 1. HP: 19/19 MP: 0/0
   100 | D:1      | Reached XP level 2. HP: 18/27 MP: 1/1
  1025 | D:2      | Reached XP level 3. HP: 16/34 MP: 2/2
  1650 | D:2      | Reached ** piety under Trog
  1797 | D:2      | Reached XP level 4. HP: 39/41 MP: 3/3
  1900 | D:3      | Reached skill level 5 in Axes
  1900 | D:3      | Reached skill level 1 in Shields
  1903 | D:3      | Reached XP level 5. HP: 36/47 MP: 4/4
  2047 | D:3      | Found a faded altar of an unknown god.
  2047 | D:3      | Noticed Jessica
  2051 | D:3      | Killed Jessica
  2217 | D:3      | Found a blossoming altar of Fedhas.
  2496 | D:3      | Noticed Terence
  2508 | D:3      | Killed Terence
  2515 | D:3      | Reached XP level 6. HP: 46/55 MP: 5/5
  3040 | D:4      | Reached skill level 1 in Stealth
  3060 | D:4      | Noticed Natasha
  3064 | D:4      | Reached skill level 5 in Fighting
  3068 | D:4      | Killed Natasha
  3262 | D:4      | Reached XP level 7. HP: 61/61 MP: 6/6
  3327 | D:4      | Found a staircase to the Ecumenical Temple.
  3344 | D:4      | Reached *** piety under Trog
  3473 | D:4      | Noticed Natasha
  3559 | D:4      | Noticed Edmund
  3571 | D:4      | Killed Edmund
  3819 | D:4      | Killed Natasha
  3842 | D:4      | Noticed Natasha
  3854 | D:4      | Killed Natasha
  3854 | D:4      | Reached skill level 5 in Shields
  4048 | D:5      | Entered Level 5 of the Dungeon
  4133 | D:5      | Reached skill level 5 in Dodging
  4133 | D:5      | Reached XP level 8. HP: 49/70 MP: 7/7
  4148 | D:5      | Found a bloodstained altar of Trog.
  4193 | D:5      | Found Seept's Weapon Emporium.
  4457 | D:5      | Found Guaveiw's Weapon Shoppe.
  4488 | D:5      | Noticed Naow's ghost (novice MiBe)
  4500 | D:5      | Killed Naow's ghost
  5323 | D:6      | Noticed Sigmund
  5331 | D:6      | Killed Sigmund
  5331 | D:6      | Reached XP level 9. HP: 75/78 MP: 8/8
  5672 | D:6      | Reached **** piety under Trog
  5689 | D:6      | Found a glowing drain.
  5709 | Sewer    | Entered a sewer
  5761 | Sewer    | Noticed Purgy
  5774 | Sewer    | Killed Purgy
  5774 | Sewer    | Reached skill level 10 in Axes
  6385 | D:7      | Got a crystal war axe
  6445 | D:7      | Identified the +7 war axe "Rathy" {holy, rC+} (You found it on level 7 of the Dungeon)
  6569 | D:7      | Found a stormy altar of Qazlal.
  6575 | D:7      | Noticed Naow's ghost (novice MiBe)
  6587 | D:7      | Killed Naow's ghost
  6856 | D:8      | Reached XP level 10. HP: 84/84 MP: 9/9
  6900 | D:8      | Got a black opal-encrusted leather armour
  6969 | D:8      | Found an opulent altar of Gozag.
  7002 | D:8      | Noticed Naow's ghost (amateur DDFi)
  7007 | D:8      | Killed Naow's ghost
  7336 | D:8      | Reached ***** piety under Trog
  7641 | D:8      | Noticed a three-headed hydra
  7651 | D:8      | Killed a nine-headed hydra
  7826 | D:8      | Found a huge runed gate.
  7827 | D:8      | Noticed a manticore
  7827 | D:8      | Found a huge runed gate.
  7843 | D:8      | Reached skill level 15 in Axes
  7895 | D:8      | Found a staircase to the Lair.
  8021 | D:8      | Found a huge runed gate.
  8021 | D:8      | Found a huge runed gate.
  8023 | D:8      | Noticed a manticore
  8031 | D:8      | Killed a manticore
  8033 | D:8      | Reached XP level 11. HP: 87/91 MP: 10/10
  8499 | D:9      | Identified the +2 leather armour "Liw Bad" {rN++ Regen+} (You found it on level 8 of the Dungeon)
  8616 | D:9      | Received a gift from Trog
  8644 | D:9      | Found a sparkling altar of Nemelex Xobeh.
  8644 | D:9      | Noticed Maurice
  8652 | D:9      | Killed Maurice
  8653 | D:9      | Found a snail-covered altar of Cheibriados.
  8695 | D:9      | Found a bloodstained altar of Trog.
  8909 | D:9      | Noticed Joseph
  8919 | D:9      | Killed Joseph
  8948 | D:10     | Entered Level 10 of the Dungeon
  9019 | D:10     | Received a gift from Trog
  9398 | D:10     | Found Efuhur's General Store.
  9438 | D:10     | Bought a potion of heal wounds for 55 gold pieces
  9461 | D:10     | Noticed a hill giant
  9468 | D:10     | Killed a hill giant
  9485 | D:10     | Found a hide-covered altar of Uskayaw.
  9602 | D:10     | Noticed a hill giant
  9609 | D:10     | Killed a hill giant
  9618 | D:10     | Noticed a hill giant
  9623 | D:10     | Killed a hill giant
  9803 | D:11     | Reached XP level 12. HP: 91/97 MP: 11/11
  9823 | D:11     | Noticed Gastronok
  9835 | D:11     | Killed Gastronok
  9978 | D:11     | Noticed Sonja
 10444 | D:11     | Killed Sonja
 10701 | D:12     | Found a staircase to the Orcish Mines.
 10731 | D:12     | Found a roughly hewn altar of Beogh.
 10803 | D:12     | Received a gift from Trog
 10944 | D:12     | Noticed an ogre mage
 11161 | D:12     | Reached skill level 10 in Fighting
 11337 | D:12     | Noticed a tengu warrior
 11343 | D:12     | Noticed a tengu warrior
 11345 | D:12     | Killed a tengu warrior
 11354 | D:12     | Killed a tengu warrior
 11660 | D:13     | Noticed a centaur warrior
 11669 | D:13     | Reached XP level 13. HP: 76/117 MP: 12/12
 12526 | D:12     | Received a gift from Trog
 12713 | D:13     | Reached skill level 15 in Fighting
 13086 | D:13     | Found a roughly hewn altar of Beogh.
 13335 | D:13     | Found a gate to the Vaults.
 13557 | Lair:1   | Entered Level 1 of the Lair of Beasts
 13639 | Lair:1   | Received a gift from Trog
 13649 | Lair:1   | Got a warped battleaxe {god gift}
 14627 | Lair:1   | Reached XP level 14. HP: 26/138 MP: 13/13
 15071 | Lair:1   | Identified the +3 battleaxe of Dawn {flame, rElec rN+} (Trog gifted it to you on level 1 of the Lair of Beasts)
 16325 | Lair:3   | Found a hole to the Spider Nest.
 17665 | Lair:4   | Found a staircase to the Swamp.
 17956 | Lair:5   | Reached skill level 5 in Armour
 18663 | Lair:6   | Entered Level 6 of the Lair of Beasts
 18672 | Lair:6   | Reached ****** piety under Trog
 18675 | Lair:6   | Received a gift from Trog
 18829 | Lair:6   | Paralysed by a hornet for 2 turns
 19145 | Lair:6   | Reached skill level 10 in Armour
 19765 | Lair:6   | Noticed RTS's ghost (journeyman MiBe)
 19772 | Lair:6   | Killed RTS's ghost
 20073 | Lair:6   | Found a staircase to the Slime Pits.
 20073 | Lair:6   | Found a viscous altar of Jiyva.
 20324 | Swamp:1  | Entered Level 1 of the Swamp
 20372 | Swamp:1  | Reached XP level 15. HP: 149/149 MP: 14/14
 20457 | Swamp:1  | Received a gift from Trog
 20494 | Swamp:1  | Noticed Josephine
 20550 | Swamp:1  | Killed Josephine
 21043 | Swamp:1  | Noticed a thorn hunter
 21050 | Swamp:1  | Killed a thorn hunter
 21702 | Swamp:2  | Paralysed by a hornet for 2 turns
 22382 | Swamp:2  | Noticed Louise
 22394 | Swamp:2  | Killed Louise
 22488 | Swamp:2  | Received a gift from Trog
 22854 | Swamp:2  | Reached skill level 15 in Armour
 24334 | Spider:1 | Entered Level 1 of the Spider Nest
 24411 | Spider:1 | Received a gift from Trog
 25181 | Spider:1 | Noticed Asterion
 25196 | Spider:1 | Killed Asterion
 25196 | Spider:1 | Reached XP level 16. HP: 142/157 MP: 15/15
 28071 | Spider:3 | Received a gift from Trog
 28412 | Spider:3 | Got a warped battleaxe {god gift}
 28701 | Spider:3 | Identified the +14 battleaxe "Bokogrohirr" {protect, Dex+5} (Trog gifted it to you on level 3 of the Spider Nest)
 29075 | Spider:4 | Entered Level 4 of the Spider Nest
 29450 | Spider:4 | Noticed e25's ghost (adept DsGl)
 29461 | Spider:4 | Killed e25's ghost
 29600 | Spider:4 | Received a gift from Trog
 30415 | Spider:4 | Reached XP level 17. HP: 124/163 MP: 16/16
 30726 | Spider:4 | Got a gossamer rune of Zot
 31912 | Swamp:4  | Entered Level 4 of the Swamp
 32379 | Swamp:4  | Received a gift from Trog
 32458 | Swamp:4  | Got a decaying rune of Zot
 33951 | D:14     | Received a gift from Trog
 34080 | D:15     | Entered Level 15 of the Dungeon
 34310 | D:15     | Found a staircase to the Depths.
 34400 | D:15     | Reached XP level 18. HP: 149/172 MP: 17/17
 34950 | Orc:1    | Entered Level 1 of the Orcish Mines
 35089 | Orc:1    | Found a roughly hewn altar of Beogh.
 35090 | Orc:1    | Noticed Fannar
 35098 | Orc:1    | Killed Fannar
 35233 | Orc:1    | Received a gift from Trog
 35482 | Orc:2    | Entered Level 2 of the Orcish Mines
 35482 | Orc:2    | Found Gumnesik's Gadget Emporium.
 35482 | Orc:2    | Found a staircase to the Elven Halls.
 35487 | Orc:2    | Noticed Psaro's ghost (journeyman HuFi)
 35502 | Orc:2    | Killed Psaro's ghost
 35783 | Orc:2    | Found a deep blue altar of Sif Muna.
 35925 | Orc:2    | Found Kuhagrat's Book Shoppe.
 35925 | Orc:2    | Found Bezoig's Distillery.
 35927 | Orc:2    | Found Muagaav's Gadget Shop.
 35929 | Orc:2    | Found Kunol's Armour Emporium.
 36032 | Orc:2    | Bought a potion of heal wounds for 70 gold pieces
 36032 | Orc:2    | Bought a potion of heal wounds for 70 gold pieces
 36039 | Orc:2    | Bought the +0 pair of fencer's gloves {+Riposte Dex+6} for 337 gold pieces
 36088 | Orc:2    | Received a gift from Trog
 36354 | Elf:1    | Entered Level 1 of the Elven Halls
 36516 | Elf:1    | Received a gift from Trog
 36740 | Elf:1    | Noticed Banto's ghost (adept HESk)
 36750 | Elf:1    | Killed Banto's ghost
 37561 | Elf:2    | Received a gift from Trog
 37767 | Elf:2    | Got a crude chain mail
 37773 | Elf:2    | Identified the +12 chain mail of Servitude {rElec rC+ Int+4} (You found it on level 2 of the Elven Halls)
 37801 | Elf:2    | Found a runed gate.
 37815 | Elf:2    | Found a runed gate.
 37816 | Elf:2    | Found a runed gate.
 38039 | Elf:2    | Noticed a Tzitzimitl
 38062 | Elf:2    | Received a gift from Trog
 38293 | Elf:2    | Reached skill level 10 in Dodging
 38541 | Elf:2    | Reached XP level 19. HP: 171/179 MP: 18/18
 38636 | Elf:3    | Entered Level 3 of the Elven Halls
 38737 | Elf:3    | Received a gift from Trog
 39320 | Elf:3    | Received a gift from Trog
 39437 | Elf:3    | Got a scorched ring mail
 39448 | Elf:3    | Identified the +0 ring mail of Wisdom {Str+4 Dex+3} (You found it on level 3 of the Elven Halls)
 39518 | Elf:3    | Cast into level 3 of the Abyss (a deep elf sorcerer)
 39649 | Abyss:3  | Found a corrupted altar of Lugonu.
 39669 | Abyss:3  | Gained mutation: You have sharp toenails. [a neqoxec]
 39813 | Abyss:3  | Reached skill level 15 in Dodging
 39876 | Abyss:3  | Gained mutation: You occasionally shout uncontrollably at your foes. [a cacodemon]
 40004 | Abyss:3  | Noticed a bone dragon
 40010 | Elf:3    | Escaped the Abyss
 40022 | Elf:3    | Received a gift from Trog
 40301 | Elf:3    | Got a scorched steel ring
 40308 | Elf:3    | Identified the ring "Ogunwalo" {rElec rPois} (You took it off a deep elf demonologist on level 3 of the Elven Halls)
 40313 | Elf:3    | Got a bloodstained hand axe {elec}
 40314 | Elf:3    | Identified the cursed +0 hand axe of Riukkoan {elec, rElec Str+3 Int+4 Dex-3} (You took it off a deep elf mage on level 3 of the Elven Halls)
 40337 | Elf:3    | Reached XP level 20. HP: 145/187 MP: 18/20
 40426 | Elf:3    | Got a heavily runed golden amulet
 40431 | Elf:3    | Identified the amulet "Fefel" {Harm *Drain rN+ SInv} (You took it off a deep elf annihilator on level 3 of the Elven Halls)
 40502 | Elf:3    | Identified the Compendium of Twisted Talismans
 40868 | Depths:1 | Entered Level 1 of the Depths
 41025 | Vaults:1 | Entered Level 1 of the Vaults
 41032 | Vaults:1 | Reached skill level 5 in Evocations
 41108 | Vaults:1 | Noticed Saint Roka
 41128 | Vaults:1 | Killed Saint Roka
 41503 | Vaults:1 | Received a gift from Trog
 41943 | Vaults:1 | Reached skill level 10 in Evocations
 42033 | Vaults:1 | Noticed Aizul
 42047 | Vaults:1 | Killed Aizul
 42913 | Vaults:2 | Found a staircase to the Crypt.
 42913 | Vaults:2 | Found a basalt altar of Yredelemnul.
 42914 | Vaults:2 | Found an ancient bone altar of Kikubaaqudgha.
 43259 | Vaults:2 | Received a gift from Trog
 43842 | Vaults:3 | Found Xitsal's Assorted Antiques.
 43848 | Vaults:3 | Noticed Mara
 43856 | Vaults:3 | Killed Mara
 43862 | Vaults:3 | Noticed Jory
 43874 | Vaults:3 | Killed Jory
 44203 | Vaults:3 | Received a gift from Trog
 44449 | Vaults:3 | Reached XP level 21. HP: 200/202 MP: 27/27
 44450 | Vaults:3 | Noticed Margery
 44482 | Vaults:3 | Killed Margery
 45212 | Vaults:4 | Found Unakhle's Magic Scroll Emporium.
 45212 | Vaults:4 | Found Mirras's Antique Armour Shop.
 45215 | Vaults:4 | Bought a translucent cloak for 456 gold pieces
 45215 | Vaults:4 | Bought an encrusted buckler for 456 gold pieces
 45231 | Vaults:4 | Identified the +1 cloak of Defence {rN+ Regen+ rCorr Dex-5} (You bought it in a shop on level 4 of the Vaults)
 45238 | Vaults:4 | Identified the cursed -5 buckler of Fedhas's Indignation {*Corrode Dex+4} (You bought it in a shop on level 4 of the Vaults)
 45256 | Vaults:4 | Bought a scroll of blinking for 82 gold pieces
 45256 | Vaults:4 | Bought a scroll of teleportation for 33 gold pieces
 45333 | Vaults:4 | Received a gift from Trog
 45389 | Vaults:4 | Found Cufuonit's Antique Armour Shoppe.
 45471 | Vaults:4 | Bought the +18 shield of the Gong {rElec rN+ MR+ EV-5} for 3405 gold pieces
 45481 | Vaults:4 | Gained mutation: Your flesh is cold resistant. (rC+) [potion of beneficial mutation]
 45750 | Vaults:4 | Found Jiboeb's Distillery.
 46237 | Vaults:4 | Found Ileittoc's Antique Armour Boutique.
 46880 | Depths:1 | Reached skill level 10 in Shields
 46954 | Depths:1 | Gained mutation: You are partially covered in iridescent scales. (AC +2) [potion of beneficial mutation]
 47027 | Depths:1 | Found a snail-covered altar of Cheibriados.
 47174 | Depths:1 | Found a gateway to a ziggurat.
 47201 | Depths:1 | Found a one-way gate leading to the halls of Pandemonium.
 47270 | Depths:1 | Found a gateway to Hell.
 47439 | Depths:1 | Received a gift from Trog
 47631 | Depths:2 | Reached XP level 22. HP: 216/216 MP: 28/28
 47703 | Depths:2 | Found Kuykewky's Antique Weapon Shop.
 47970 | Depths:2 | Received a gift from Trog
 48543 | Depths:3 | Received a gift from Trog
 49386 | Depths:4 | Found a one-way gate to the infinite horrors of the Abyss.
 49411 | Depths:4 | Noticed a golden dragon
 49433 | Depths:4 | Killed a golden dragon
 49436 | Depths:4 | Received a gift from Trog
 49568 | Depths:4 | Noticed a caustic shrike
 49569 | Depths:4 | Noticed a juggernaut
 49579 | Depths:4 | Killed a caustic shrike
 49587 | Depths:4 | Killed a juggernaut
 49737 | Depths:4 | Noticed Boris
 49747 | Depths:4 | Killed Boris
 49782 | Depths:4 | Found a glowing golden altar of the Shining One.
 50116 | Depths:4 | Reached XP level 23. HP: 234/234 MP: 29/29
 50629 | Depths:5 | Entered Level 5 of the Depths
 50639 | Depths:5 | Noticed a juggernaut
 50664 | Depths:5 | Killed a juggernaut
 50718 | Depths:5 | Received a gift from Trog
 51090 | Depths:5 | Found a gate to the Realm of Zot.
 51117 | Depths:5 | Reached skill level 27 in Fighting
 51652 | Depths:4 | Voluntarily entered the Abyss.
 51652 | Abyss:1  | Found a corrupted altar of Lugonu.
 51656 | Abyss:1  | Paralysed by a lich for 2 turns
 51700 | Abyss:1  | Paralysed by accursed screaming for 1 turns
 51919 | Depths:4 | Escaped the Abyss
 52340 | Vaults:5 | Entered Level 5 of the Vaults
 52386 | Vaults:5 | Received a gift from Trog
 52394 | Vaults:5 | Reached XP level 24. HP: 242/248 MP: 29/29
 52425 | Vaults:5 | Received a gift from Trog
 52600 | Vaults:5 | Identified the amulet "Tolusab" {Dismiss rElec Int+4 Stlth+} (You found it on level 5 of the Vaults)
 53023 | Vaults:5 | Received a gift from Trog
 53161 | Vaults:5 | Got a silver rune of Zot
 53855 | Zot:1    | Entered Level 1 of the Realm of Zot
 54078 | Zot:1    | Noticed Tiamat
 54124 | Zot:1    | Received a gift from Trog
 54127 | Zot:1    | HP: 11/248 [Tiamat/bardiche of protection (43)]
 54137 | Zot:1    | Killed Tiamat
 54246 | Zot:1    | Reached XP level 25. HP: 214/257 MP: 29/29
 54521 | Zot:1    | Cast into level 4 of the Abyss (a Zot trap)
 54525 | Abyss:4  | Got an abyssal rune of Zot
 54525 | Abyss:4  | Paralysed by accursed screaming for 1 turns
 54773 | Abyss:4  | Received a gift from Trog
 54838 | Zot:1    | Escaped the Abyss
 55088 | Zot:2    | Noticed an orb of fire
 56864 | Zot:4    | Received a gift from Trog
 57056 | Zot:4    | Reached skill level 27 in Armour
 57632 | Zot:2    | Reached XP level 26. HP: 266/266 MP: 29/29
 58163 | Vaults:5 | Identified the ring of Moakk {rF+ MP+9 Str+3 Int+4} (You took it off a vault warden on level 5 of the Vaults)
 58739 | Zot:4    | Noticed an orb of fire
 58754 | Zot:4    | Killed an orb of fire
 58754 | Zot:4    | Reached skill level 15 in Shields
 59159 | Zot:5    | Entered Level 5 of the Realm of Zot
 59305 | Zot:5    | Noticed an ancient lich
 59313 | Zot:5    | Paralysed by an ancient lich for 4 turns
 59319 | Zot:5    | Killed an ancient lich
 59536 | Zot:5    | Noticed an orb of fire
 59551 | Zot:5    | Gained mutation: You are agile. (Dex +2) [an orb of fire]
 59555 | Zot:5    | Killed an orb of fire
 59567 | Zot:5    | Noticed an orb of fire
 59568 | Zot:5    | Noticed an ancient lich
 59570 | Zot:5    | Gained mutation: Your magical capacity is low. (-10% MP) [an orb of fire]
 60100 | Zot:5    | Noticed an orb of fire
 60102 | Zot:5    | Noticed an orb of fire
 60107 | Zot:5    | Gained mutation: You are dopey. (Int -2) [an orb of fire]
 60108 | Zot:5    | Noticed an orb of fire
 60111 | Zot:5    | Killed an orb of fire
 60113 | Zot:5    | Killed an orb of fire
 60115 | Zot:5    | Gained mutation: Armour fits poorly on your strangely shaped body. [an orb of fire]
 60120 | Zot:5    | Noticed an orb of fire
 60123 | Zot:5    | HP: 4/266 [orb of fire/bolt of fire (14)]
 60124 | Zot:5    | Killed from afar by an orb of fire

Vault maps used:
D:1:      dpeg_arrival_brainrot
D:3:      wad_lake_hut, ecumenical_altar_2, bh_chokoban, fedhas_altar_4,
          uniq_jessica, uniq_terence
D:4:      st_stairs_8, uniq_natasha, uniq_edmund
D:5:      serial_shops, shop, shop, first_bread, trog_three_pillars_becter
D:6:      gup_sewer_entry_bowl, uniq_sigmund
D:7:      grunt_qazlal_clouds
D:8:      lemuel_bear_cage, nicolae_overflow_crystal_walls,
          due_lair_maze_entry_diamond, hangedman_ranch
D:9:      grunt_temple_overflow_open, bloody_trog, uniq_maurice, uniq_joseph
D:10:     serial_shops, shop, basic_altar
D:11:     uniq_gastronok, uniq_sonja
D:12:     minmay_orc_entry_temple_small, minivault_12
D:13:     grunt_vaults_entry_tiered, special_room
D:14:     hangedman_decor_lopped
D:15:     grunt_enter_depths_hoard
Lair:1:   serial_bayou_lake_a, lemuel_fruit_tree
Lair:2:   beast_lair_carwin_large_3, grunt_forest_large_clearings,
          infiniplex_staircase_pool
Lair:3:   dummy_spider_entry, lemuel_fruit_fields, infiniplex_staircase_pool_2
Lair:4:   nicolae_swamp_entry_splash_gauntlet, ldierk_geyser
Lair:6:   gammafunk_lair_ancient_temple, slime_altar_1
Swamp:1:  evilmike_swamp_ruin_house_4, swamp_pool1, lightli_tree_ring,
          uniq_josephine
Swamp:2:  cheibrodos_swamp_heart_of_darkness, evilmike_swamp_ruin_house_3,
          swamp_pool4, uniq_louise
Swamp:3:  evilmike_swamp_ruin_rubble_1, swamp_pool3,
          nicolae_swamp_orc_logging_accident
Swamp:4:  swamp_alternative, grunt_hermit_hut
Spider:1: uniq_asterion
Spider:3: einodemon_crawler_minivault
Spider:4: grunt_spider_rune_circles
Orc:1:    mines2_david, uniq_fannar
Orc:2:    st_orc_rangers, serial_shops, shop, led_sif_book
Elf:1:    eino_elf_arrival_the_gate, hangedman_elven_crosses_minicolossus,
          minivault_16
Elf:2:    fake_guardian_serpent_vault
Elf:3:    minmay_elf_hall_hex, amethyst_killhole
Vaults:1: hangedman_vaults_corner_blocks, v_misc_13, v_misc_25,
          nicolae_vaults_shelves_hall, vaults_room_grid,
          nicolae_vaults_little_squares_6, v_misc_3, vaults_mumra_chevron,
          uniq_saint_roka, uniq_aizul
Vaults:2: ontoclasm_vaults_decontamination, v_rooms_5, v_misc_4,
          minmay_crypt_entry_necro_gods, nicolae_vaults_network_star, v_misc_8,
          vaults_room_fours, dpeg_vaults_monster_box, v_misc_23,
          ontoclasm_vaults_tryst, v_misc_25
Vaults:3: vaults_standard_mumra_x, vaults_mumra_chevron_long, v_misc_22,
          nicolae_vaults_ring_of_whatevers, vaults_dpeg_hooks,
          nicolae_vaults_mini_display_case, serial_ice_b,
          vaults_room_stairs_pillars, nicolae_vaults_border_crossing,
          serial_shops, shop, uniq_margery, uniq_mara, uniq_jory
Vaults:4: vaults_room_door_hall, nicolae_vaults_network_square,
          vaults_room_stairs_pillars, v_misc_29,
          nicolae_vaults_disjoint_gnomons, grunt_vaults_bifocal,
          hangedman_vaults_snaps, v_misc_14, v_misc_5,
          vaults_room_stairs_pillars, ontoclasm_vaults_loading_screen,
          serial_shops, nicolae_shop_statue_plus, shop, nicolae_shop_stone,
          nicolae_shop_statue_plus, nicolae_shop_crystal
Depths:1: enter_ziggurat_b, pan_entry, pf_hell_entry_tar_spiral,
          minmay_misc_feat_diagonals, cheibriados_altar_1
Depths:2: minmay_smoke_and_mirrors, serial_shops, shop,
          grunt_hell_entry_dis_grunt
Depths:3: minmay_diamond_stairs, grunt_metal_band, serial_bayou_shore_a,
          pan_entry
Depths:4: minmay_tri_box, abyss_entry, pf_hell_entry_great_geh,
          minmay_splitting_lines, roderic_serpentine_path, tso_metal_star,
          infiniplex_staircase_river, serial_bayou_shore_b, uniq_boris
Depths:5: evilmike_zot_entry_round, bh_walls_and_bars, hell_entry
Zot:1:    uniq_tiamat
Zot:2:    basic_stair_grate_trap
Zot:4:    st_stairs_4, hangedman_zot_wheel_spokes, nicolae_zot_crop_circle,
          grunt_megastairs_3
Zot:5:    hangedman_zot_gyre
Abyss:3:  hangedman_relentless_pull, evilmike_abyss_exit_7
Abyss:4:  hangedman_decor_riveting, hangedman_abyss_monster_moat,
          nicolae_abyss_rune_star_stuff, bh_abyss_exit_choice
Sewer:    sewer_the_crocodile

Skill      XL: |  1  2  3  4  5  6  7  8  9 10 11 12 13 14 15 16 17 18 19 20 21 22 23 24 25 26 |
---------------+-------------------------------------------------------------------------------+-----
Fighting       | 4 5 6 11 16 18 20 22 25 27 | 27.0
Axes           | 4 5 6 8 12 15 18 19 22 25 26 | 26.4
Shields        | 1 3 5 7 13 14 19 | 19.6
Dodging        | 3 4 5 11 16 | 16.7
Stealth        | 1 |  1.7
Armour         | 4 11 17 19 24 27 | 27.0
Evocations     | 2 10 | 10.0

Action                   |  1- 3 |  4- 6 |  7- 9 | 10-12 | 13-15 | 16-18 | 19-21 | 22-24 | 25-27 || total
-------------------------+-------+-------+-------+-------+-------+-------+-------+-------+-------++-------
Melee: Hand axe          |    96 |   172 |   404 |       |       |       |       |       |       ||   672
       Headbutt          |    16 |    16 |    75 |    83 |   195 |   290 |   283 |   257 |   201 ||  1416
       War axe           |       |       |    15 |   429 |   273 |       |       |       |       ||   717
       Battleaxe         |       |       |       |       |   699 |  1222 |   715 |       |       ||  2636
       Broad axe         |       |       |       |       |       |       |   364 |  1116 |   722 ||  2202
Invok: Berserk           |     1 |     6 |     5 |     7 |    11 |     7 |     2 |     2 |     1 ||    42
       Trog's Hand       |       |     1 |     3 |     6 |     5 |     3 |     7 |     4 |     3 ||    32
       Brothers in Arms  |       |       |       |     1 |     3 |     5 |     8 |     8 |     4 ||    29
       Burn Spellbooks   |       |       |       |       |     4 |     3 |     4 |     6 |     1 ||    18
Evoke: Wand              |       |       |       |       |       |     2 |     4 |     1 |     4 ||    11
  Use: Scroll            |       |       |     6 |    11 |     7 |    19 |    13 |     6 |     7 ||    69
       Potion            |       |       |       |       |     1 |     1 |     3 |     5 |       ||    10
 Stab: Distracted        |     1 |       |       |       |       |     1 |     1 |     2 |     2 ||     7
       Sleeping          |     2 |       |       |       |       |       |       |       |       ||     2
       Confused          |       |       |       |       |       |       |       |     1 |       ||     1
  Eat: Chunk             |     4 |    10 |    13 |    27 |    70 |    42 |    25 |    16 |     7 ||   214
       Meat ration       |       |       |     1 |       |       |       |       |       |       ||     1
       Fruit             |       |       |       |       |     2 |       |       |     1 |       ||     3
       Bread ration      |       |       |       |       |     1 |     1 |     3 |     1 |     4 ||    10
       Pizza             |       |       |       |       |       |       |     1 |       |       ||     1
       Beef jerky        |       |       |       |       |       |       |     2 |       |       ||     2
       Royal jelly       |       |       |       |       |       |       |       |     3 |       ||     3
Armor: Animal skin       |    24 |    51 |     6 |       |       |       |       |       |       ||    81
       Ring mail         |       |       |    84 |   111 |    66 |       |       |       |       ||   261
       Plate armour      |       |       |       |       |   356 |   942 |       |   100 |       ||  1398
       Mottled dragon ar |       |       |       |       |       |    11 |       |       |       ||    11
       Chain mail        |       |       |       |       |       |    43 |   422 |   441 |   230 ||  1136
       Skin              |       |       |       |       |       |       |       |     6 |       ||     6
Dodge: Dodged            |    53 |    73 |   122 |   178 |   426 |   664 |   563 |   273 |    91 ||  2443
Block: Shield            |    35 |    81 |   189 |   180 |    96 |       |   389 |  1469 |   696 ||  3135
       Rpst.: Battleaxe  |       |       |       |       |       |    14 |    13 |       |       ||    27
